 Dungeon Crawl Stone Soup version 0.28-a0-233-gb8ca4b6547 (webtiles) character file.

Game seed: 10535204070422131750

542 Manisian the Sneak (level 7, -8/54 HPs)
             Began as a Demonspawn Delver on Aug 22, 2021.
             Was an Initiate of Nemelex Xobeh.
             Killed by nerve-wracking pain
             ... invoked by a shadow imp
              (14 damage)
             ... on level 4 of the Dungeon.
             The game lasted 00:06:08 (5122 turns).

Manisian the Sneak (Demonspawn Delver)              Turns: 5122, Time: 00:06:09

Health: -8/54      AC:  9    Str: 14    XL:     7   Next: 6%
Magic:  7/7        EV:  9    Int: 12    God:    Nemelex Xobeh [......]
Gold:   238        SH:  4    Dex: 14    Spells: 6/6 levels left

rFire   . . .      SeeInvis .   j - +1 whip (flame)
rCold   + . .      Faith    .   o - +0 buckler
rNeg    . . .      Spirit   .   h - +0 chain mail
rPois   .          Reflect  .   (helmet restricted)
rElec   .          Harm     .   (no cloak)
rCorr   .          Rampage  .   (no gloves)
Will    .....                   (no boots)
Stlth   +.........              (no amulet)
HPRegen 0.18/turn               r - ring of protection from cold
MPRegen 0.10/turn               (no ring)

@: mighty, flying
A: antennae 1, sturdy frame 2
a: Renounce Religion, Draw Escape, Draw Destruction, Draw Summoning


You were on level 4 of the Dungeon.
You worshipped Nemelex Xobeh.
Nemelex Xobeh was noncommittal.
You visited 1 branch of the dungeon, and saw 5 of its levels.

You collected 238 gold pieces.

Inventory:

Hand Weapons
 a - a +0 hand axe
 j - a +1 whip of flaming (weapon)
Missiles
 k - 6 silver javelins (quivered)
Armour
 b - a +0 leather armour
 h - a +0 chain mail (worn)
 o - a +0 buckler (worn)
Jewellery
 r - a ring of protection from cold (left hand)
Wands
 g - a wand of digging (3)
 m - a wand of iceblast (8)
Scrolls
 c - a scroll of fog
 d - a scroll of magic mapping
 e - 3 scrolls of fear
 p - a scroll of teleportation
 s - a scroll of vulnerability {unknown}
 t - a scroll of identify
Potions
 f - a potion of haste
 i - a potion of degeneration
 l - a potion of invisibility


   Skills:
 + Level 4.1 Fighting
 + Level 3.0(3.3) Axes
 + Level 2.0(2.9) Maces & Flails
 + Level 3.4 Armour
 + Level 2.5 Dodging
 + Level 5.5 Stealth
 + Level 0.8 Shields


You had 6 spell levels left.
You didn't know any spells.
Your spell library contained the following spells:

 Spells                   Type           Power      Damage    Failure   Level
 Blink                    Tloc           N/A        N/A       99%         2
 Call Canine Familiar     Summ           0%         N/A       100%        3
 Portal Projectile        Hex/Tloc       0%         N/A       100%        3
 Leda's Liquefaction      Hex/Erth       0%         N/A       100%        4
 Manifold Assault         Tloc           0%         N/A       100%        5
 Storm Form               Tmut/Air       0%         N/A       100%        7


Dungeon Overview and Level Annotations

Branches:
Dungeon (5/15)
 Temple: D:4-7

Altars:
Nemelex Xobeh
Wu Jian

Shops:
D:3 (


Innate Abilities, Weirdness & Mutations

You have a pair of small antennae on your head.
Your movements are less encumbered by armour. (ER -4)


Message History

You whack the ice beast!
You melt the ice beast.
The ice beast is severely wounded.
The hound closely misses you.
The ice beast hits you but does no damage.
The hound completely misses you.
Unknown command.
You closely miss the ice beast.
The ice beast is severely wounded.
You block the hound's attack.
The ice beast hits you but does no damage.
You closely miss the ice beast.
The ice beast is severely wounded.
The hound barely misses you.
The sky beast flickers out of sight!
Deactivating autopickup; reactivate with Ctrl-A.
The ice beast barely misses you. The hound bites you.
* * * LOW HITPOINT WARNING * * *
You hit the ice beast.
You melt the ice beast.
You kill the ice beast!
The hound bites you but does no damage. The hound barely misses you.
A sky beast appears from thin air!
Reactivating autopickup.
Your Maces & Flails skill increases to level 2!
You have reached level 7!
The hound closely misses you. The hound bites you but does no damage.
The hound bites you but does no damage.
The sky beast flickers out of sight!
Deactivating autopickup; reactivate with Ctrl-A.
A sky beast appears from thin air!
Reactivating autopickup.
A shadow imp comes into view.
You block the hound's attack. The hound completely misses you.
The jackal closely misses you. The hound bites you.
* * * LOW HITPOINT WARNING * * *
The hound bites you but does no damage. The shadow imp gestures at you.
Pain shoots through your body!
You die...
Your body disappears without a glow.

########################
........§....Y..h.......
..###...§...o..hh..5....
### #.......###.@.......
# #.....### #......###
#.....## #.....##
#...### ....### #...##
#...## #..## ...## ...#
#..# .


You could see a sky beast, a hound, a shadow imp, an orc and 2 jackals.

Vanquished Creatures
  An ice beast (D:4)
  A necrophage (D:4)
  2 howler monkeys (D:4)
  A bullfrog zombie (D:3)
  2 centaur skeletons (D:4)
  2 orc wizards (D:2)
  3 gnolls (D:2)
  4 adders
  A worm (D:4)
  8 orcs
  3 endoplasms
  3 giant cockroaches
  4 hobgoblins
  6 jackals
  9 ball pythons
  6 bats
  6 frilled lizards
  10 goblins
  4 kobolds
  6 rats
82 creatures vanquished.

Notes
Turn   | Place    | Note
-------+----------+-------------------------------------------
     0 | D:5      | Manisian the Demonspawn Delver began the quest for the Orb.
     0 | D:5      | Reached XP level 1. HP: 18/18 MP: 1/1
    25 | D:5      | Noticed a water moccasin zombie
    30 | D:5      | Noticed a howler monkey
   218 | D:4      | Reached skill level 5 in Stealth
   218 | D:4      | Gained mutation: Your movements are slightly less
                  | encumbered by armour. (ER -2) [demonic ancestry]
   218 | D:4      | Reached XP level 2. HP: 19/24 MP: 2/2
   218 | D:4      | Reached XP level 3. HP: 23/29 MP: 3/3
   234 | D:4      | Gained mutation: Your movements are less encumbered by
                  | armour. (ER -4) [demonic ancestry]
   234 | D:4      | Reached XP level 4. HP: 24/35 MP: 4/4
  1862 | D:1      | Found a faded altar of an unknown god.
  1913 | D:1      | Reached skill level 1 in Armour
  2737 | D:2      | Gained mutation: You have a pair of small antennae on your
                  | head. [demonic ancestry]
  2737 | D:2      | Reached XP level 5. HP: 25/41 MP: 5/5
  3544 | D:3      | Found Foedd's Antique Weapon Shoppe.
  3991 | D:3      | Reached XP level 6. HP: 20/48 MP: 6/6
  4559 | D:3      | Found a sparkling altar of Nemelex Xobeh.
  4653 | D:3      | Found an ornate altar of the Wu Jian Council.
  4848 | D:3      | Became a worshipper of Nemelex Xobeh the Trickster
  4985 | D:4      | Reached skill level 1 in Maces & Flails
  5077 | D:4      | Noticed a sky beast
  5089 | D:4      | Noticed an ice beast
  5107 | D:4      | Killed an ice beast
  5108 | D:4      | Reached XP level 7. HP: 4/54 MP: 7/7
  5122 | D:4      | Killed from afar by a shadow imp

Illustrated notes

Levels and vault maps discovered:
D:1:      kilobyte_arrival_exit_the_forest, layout_loops_corners,
          hellmonk_ecumenical_altar_lost_god, minivault_24, minmay_statues_item
D:2:      layout_basic, hangedman_decor_peaks_small, kennysheep_cross_room
D:3:      layout_loops_ring, nemelex_diamond_rough_becter,
          pdpol_wu_jian_five_deadly_venoms, serial_shops, shop,
          grunt_ministairs_15, roderic_three_in_a_row
D:4:      minmay_thick_lines, layout_basic
D:5:      layout_gridville, serial_undead, serial_undead_e, serial_undead_c,
          serial_undead_c, serial_undead_a, serial_undead_d, serial_undead_f,
          serial_undead_d, serial_undead_a, serial_undead_d, serial_undead_d,
          grunt_ministairs_9, kennysheep_generic_room_8, uniq_blork_the_orc,
          uniq_prince_ribbit1, uniq_eustachio

Skill      XL: |  1  2  3  4  5  6 |
---------------+-------------------+-----
Axes           | 2 3 |  3.0
Stealth        | 5 |  5.5
Dodging        | 2 |  2.5
Armour         | 1 2 3 |  3.4
Maces & Flails | 2 |  2.0
Fighting       | 4 |  4.1
Shields        | |  0.8

Action                   |  1- 3 |  4- 6 |  7- 9 || total
-------------------------+-------+-------+-------++-------
Melee: Hand axe          |    27 |   198 |       ||   225
       Whip              |       |   143 |       ||   143
Throw: Javelin           |       |     5 |       ||     5
  Use: Scroll            |       |     6 |       ||     6
       Potion            |       |     2 |       ||     2
 Stab: Distracted        |       |     1 |       ||     1
       Sleeping          |       |     1 |       ||     1
Armor: Chain mail        |    24 |   211 |     3 ||   238
       Leather armour    |     1 |       |       ||     1
Dodge: Dodged            |    12 |   181 |     3 ||   196
Block: Buckler           |       |    48 |     1 ||    49

Table legend: (Time is in decaauts)
 A = Elapsed time spent in this place.
 B = Non-inter-level travel time spent in this place.
 C = Inter-level travel time spent in this place.
 D = Time resting spent in this place.
 E = Time spent auto-exploring this place.
 F = Levels seen in this place.
 G = Mean time per level.
                   A        B        C        D        E       F      G
               +--------+--------+--------+--------+--------+-----+--------+
         Total |   5195 |   4990 |    205 |   1003 |   3025 |   5 | 1039.0 |
       Dungeon |   5195 |   4990 |    205 |   1003 |   3025 |   5 | 1039.0 |
               +--------+--------+--------+--------+--------+-----+--------+

Top non-repeatable levels by time:
     D:2: 1731 daAuts
     D:3: 1453 daAuts
     D:1: 1433 daAuts
     D:4: 543 daAuts
     D:5: 33 daAuts
